 Dungeon Crawl Stone Soup version 0.30.1-11-g7821555f0a (webtiles) character file.

Game seed: 13791678764121088821

12311 booth the Grappler (level 10, -3/110 HPs)
             Began as a Troll Fighter on Nov 23, 2023.
             Was a Priest of Ru.
             Slain by an orc warrior
             ... wielding a +0 war axe
              (13 damage)
             ... in a bailey on Nov 25, 2023.
             The game lasted 01:25:14 (10614 turns).

booth the Grappler (Troll Fighter)                 Turns: 10614, Time: 01:25:15

Health: -3/110     AC:  8    Str: 26    XL:     10   Next: 60%
Magic:  9/9        EV:  9    Int: 12    God:    Ru [***...]
Gold:   177        SH: 10    Dex: 11    Spells: 9/9 levels left

rFire   + .          .
                       - Unarmed
rCold   + + .        b - +2 kite shield
rNeg    + . .        u - +2 robe {rC+}
rPois   +            o - +2 hat
rElec   +            P - scarf {+Inv}
rCorr   +            (gloves unavailable)
SInv    .            (boots unavailable)
Will    .....        (no amulet)
Stlth   +            j - +6 ring of intelligence
HPRegen 1.18/turn    C - ring of positive energy
MPRegen 0.11/turn

%: no passive effects
@: resistant, slowed, studying Fighting, very slow
A: large, unfitting armour, claws 3, regeneration 1, shaggy fur 1, tough skin 1,
no potion heal 1, no conjurations magic, no hexes magic, no ice magic,
inexperienced 1
a: Renounce Religion, Evoke Invisibility, Sacrifice Resistance, Sacrifice Words,
Sacrifice Essence, Reject Sacrifices, Draw Out Power


You were in a bailey.
You worshipped Ru.
Ru was most pleased with you.
You visited 2 branches of the dungeon, and saw 11 of its levels.
You also visited: Bailey.

You collected 632 gold pieces.
You spent 455 gold pieces at shops.

Inventory:

Hand Weapons
 v - a +1 broad axe of flaming
 A - a +2 mace of holy wrath
 D - a +0 giant spiked club
 G - a +0 giant club
 O - a +2 whip of flaming
Missiles
 i - 55 poisoned darts
 m - 4 curare-tipped darts
 s - 7 throwing nets
 N - 27 boomerangs (quivered)
 S - 4 atropa-tipped darts
Armour
 b - a +2 kite shield (worn)
 h - +0 shadow dragon scales
 o - a +2 hat (worn)
 u - a +2 robe of cold resistance (worn)
 w - +0 steam dragon scales
 P - a scarf of invisibility (worn)
Jewellery
 j - a +6 ring of intelligence (left claw)
 B - a ring of positive energy
 C - a ring of positive energy (right claw)
 H - a ring of ice
 I - an amulet of magic regeneration
Wands
 p - a wand of paralysis (9)
 x - a wand of flame (8)
 y - a wand of polymorph (6)
 L - a wand of mindburst (7)
Scrolls
 l - a scroll of amnesia
 n - 3 scrolls of teleportation
 q - a scroll of blinking {unknown}
 r - a scroll of magic mapping
 t - a scroll of fog
 E - a scroll of fear
 J - a scroll of enchant weapon {unknown}
 Q - a scroll of torment {unknown}
Potions
 a - 2 potions of lignification
 c - a potion of might
 d - a potion of mutation
 e - 6 potions of flight
 g - 3 potions of curing
 k - a potion of cancellation {unknown}
 F - a potion of ambrosia
 K - a potion of brilliance
 M - a potion of magic {unknown}
 R - a potion of invisibility {unknown}


   Skills:
 + Level 10.1 Fighting
 + Level 5.3 Maces & Flails
 + Level 8.1 Throwing
 - Level 2.4 Dodging
 - Level 2.6 Shields
 * Level 12.7 Unarmed Combat


You had 9 spell levels left.
You didn't know any spells.
Your spell library contained the following spells:

 Spells                   Type           Power      Damage    Failure   Level
 Cigotuvi's Dreadful Rot  Necr/Pois/Air  0%         N/A       71%         2
 Lesser Beckoning         Tloc           0%         N/A       71%         2
 Gell's Gravitas          Tloc           0%         N/A       91%         3
 Ignite Poison            Fire/Tmut/Pois 0%         N/A       91%         3
 Teleport Other           Tloc           0%         N/A       91%         3
 Vampiric Draining        Necr           0%         2d6       91%         3
 Slow                     Hex            Unusable   N/A       N/A         1
 Confusing Touch          Hex            Unusable   N/A       N/A         3
 Freezing Cloud           Conj/Ice/Air   Unusable   6-21      N/A         5

Dungeon Overview and Level Annotations

Branches:
Dungeon (10/15)            Temple (1/1) D:4            Lair (0/5) D:9
 Bailey (1/1)
    Orc: D:9-12

Altars:
Dithmenos
Elyvilon
Fedhas
Gozag
Hepliaklqana
Kikubaaqudgha
Okawaru
Qazlal
Ru
Sif Muna
Uskayaw
Yredelemnul
Zin
The Shining One

Shops:
D:2 !   D:9 :[*

Annotations:
D:5 2 transporters, andronian's ghost, novice DrTm


Innate Abilities, Weirdness & Mutations

You are too large for most types of armour.
You have claws for hands.
Your natural rate of healing is unusually fast.
You are covered in fur. (AC +1)
You have tough skin. (AC +1)
Potions are less effective at restoring your health.
You cannot study or cast Conjurations magic.
You cannot study or cast Hexes magic.
You cannot study or cast Ice magic.
You are somewhat inexperienced. (-1 XL)


Message History

The orc warrior hits you with a +0 war axe!
* * * LOW HITPOINT WARNING * * *
You mangle the kobold brigand!!
The kobold brigand is severely wounded.
The orc warrior barely misses you.
You scratch the kobold brigand.
The kobold brigand is severely wounded.
The kobold brigand throws a curare-tipped dart.
The curare-tipped dart hits you.
You are poisoned.
You have difficulty breathing.
* * * LOW HITPOINT WARNING * * *
You feel yourself slow down. You block the kobold brigand's attack.
The orc warrior hits you with a +0 war axe.
* * * LOW HITPOINT WARNING * * *
You feel protected.
You feel sick.
The kobold brigand throws a curare-tipped dart.
You block the curare-tipped dart. The kobold brigand barely misses you.
The orc warrior hits you with a +0 war axe.
* * * LOW HITPOINT WARNING * * *
The kobold brigand throws a curare-tipped dart.
You block the curare-tipped dart.
The kobold brigand hits you with a +0 war axe.
* * * LOW HITPOINT WARNING * * *
You focus your inner power and illuminate the kobold brigand in retribution!
The orc warrior misses you.
Your system partially rejects the healing.
You feel better. The kobold brigand misses you.
The orc warrior hits you with a +0 war axe.
* * * LOW HITPOINT WARNING * * *
You claw the kobold brigand!
You kill the kobold brigand!
The kobold brigand hits you with a +0 war axe!
* * * LOW HITPOINT WARNING * * *
You block the orc warrior's attack.
Your system partially rejects the healing.
You feel better. You block the kobold brigand's attack.
The orc warrior hits you with a +0 war axe!
You die...

#....~~.......~~....#
#.###~~.......~~###.#
#....~~.......~~....#
#.###~~.......~~###.#
#....~~.......~~....#
#.###~~.......~~###.#
#....~~.......~~....#
#####~~)o.....~~#####
##~@K.....~##
####'''#### ##.....##
#∩[..)[∩# #...8...#
##...).## ###)### ...
.....


You could see an orc warrior and a kobold brigand.

Vanquished Creatures
  A two-headed ogre (D:8)
  3 death yaks
  Pikel (D:4)
  A moth of wrath (shapeshifter) (D:7)
  Maggie (D:6)
  A troll (D:10)
  Grinder (D:4)
  2 shadows
  A vampire (D:7)
  20 yaks
  2 steam dragons
  Duvessa (D:4)
  A water moccasin (D:7)
  6 orc warriors
  An ice beast (D:7)
  3 sky beasts
  A black bear (D:6)
  2 ogres
  2 wolves (D:9)
  3 centaurs
  A phantom (D:7)
  8 kobold brigands
  3 lemures (D:4)
  8 bullfrogs
  5 gnoll sergeants
  3 scorpions
  A wight (D:5)
  Dowan (D:4)
  An electric eel (D:9)
  4 howler monkeys
  2 jellies (D:5)
  2 orc priests
  7 hounds
  2 sleepcaps
  2 gnoll boudas
  2 iguanas
  7 orc wizards
  Ijyb (D:4)
  Natasha (twice) (D:3)
  Robin (D:3)
  36 gnolls
  3 adders
  3 white imps
  2 ufetubi
  A dart slug (D:2)
  A worm (D:2)
  27 orcs
  10 ball pythons
  3 bats
  2 endoplasms
  4 giant cockroaches
  15 goblins
  10 hobgoblins
  5 jackals
  3 quokkas
  7 frilled lizards
  21 kobolds
  5 rats
  A spectral hobgoblin (D:7)
276 creatures vanquished.

Vanquished Creatures (others)
  An orc warrior (Bailey)
  A scorpion (D:4)
  2 gnolls (D:9)
  A kobold (D:8)
5 creatures vanquished.

Grand Total: 281 creatures vanquished

Notes
Turn   | Place    | Note
-------+----------+-------------------------------------------
     0 | D:1      | booth the Troll Fighter began the quest for the Orb.
     0 | D:1      | Reached XP level 1. HP: 22/22 MP: 0/0
   217 | D:1      | Reached XP level 2. HP: 21/29 MP: 1/1
   315 | D:1      | Reached skill level 1 in Throwing
   317 | D:1      | Reached XP level 3. HP: 36/36 MP: 2/2
   643 | D:2      | Reached skill level 3 in Unarmed Combat
   723 | D:2      | Found a sacrificial altar of Ru.
   742 | D:2      | Became a worshipper of Ru the Awakened
   759 | D:2      | Found Kuuvonk's Distillery.
   964 | D:2      | Reached XP level 4. HP: 43/44 MP: 3/3
  1591 | D:3      | Found a faded altar of an unknown god.
  1682 | D:3      | Noticed Robin
  1695 | D:3      | Killed Robin
  1716 | D:3      | Reached XP level 5. HP: 53/53 MP: 4/4
  1800 | D:3      | Reached skill level 4 in Unarmed Combat
  2040 | D:3      | Gained mutation: You cannot study or cast Ice magic. [Ru
                  | sacrifice]
  2040 | D:3      | Gained mutation: You cannot study or cast Hexes magic. [Ru
                  | sacrifice]
  2040 | D:3      | Gained mutation: You cannot study or cast Conjurations
                  | magic. [Ru sacrifice]
  2040 | D:3      | Reached * piety under Ru
  2084 | D:3      | Noticed Natasha
  2093 | D:3      | Killed Natasha
  2126 | D:3      | Found a hide-covered altar of Uskayaw.
  2556 | D:4      | Reached XP level 6. HP: 61/61 MP: 5/5
  2691 | D:4      | Found a staircase to the Ecumenical Temple.
  2696 | Temple   | Entered the Ecumenical Temple
  2710 | D:4      | Noticed Ijyb
  2720 | D:4      | Paralysed by Ijyb for 5 turns
  2726 | D:4      | Killed Ijyb
  2727 | D:4      | Reached skill level 5 in Unarmed Combat
  2800 | D:4      | Noticed Dowan
  2801 | D:4      | Noticed Duvessa
  2819 | D:4      | Killed Duvessa
  2824 | D:4      | Killed Dowan
  2897 | D:4      | Noticed Pikel
  2935 | D:4      | Killed Pikel
  2936 | D:4      | Reached skill level 6 in Unarmed Combat
  2936 | D:4      | Reached XP level 7. HP: 65/71 MP: 6/6
  2958 | D:4      | Found a glowing silver altar of Zin.
  2982 | D:4      | Reached XP level 8. HP: 79/79 MP: 7/7
  2983 | D:4      | Found an opulent altar of Gozag.
  3121 | D:4      | Noticed Grinder
  3126 | D:4      | Paralysed by Grinder for 3 turns
  3131 | D:4      | Paralysed by Grinder for 3 turns
  3145 | D:4      | Killed Grinder
  3146 | D:4      | Reached skill level 7 in Unarmed Combat
  3480 | D:4      | Identified a scroll of acquirement
  3480 | D:4      | Acquired a manual of Fighting
  3519 | D:5      | Entered Level 5 of the Dungeon
  3565 | D:5      | Noticed andronian's ghost (novice DrTm)
  3616 | D:5      | Found a transporter.
  3621 | D:5      | Found a transporter.
  3742 | D:5      | Found an iron altar of Okawaru.
  3769 | D:5      | Reached skill level 5 in Fighting
  3908 | D:5      | Found a transporter.
  3912 | D:5      | Found a shimmering blue altar of Sif Muna.
  3929 | D:5      | Found a transporter.
  4134 | D:5      | Reached skill level 8 in Unarmed Combat
  4136 | D:5      | Reached skill level 5 in Throwing
  4244 | D:5      | Gained mutation: You are somewhat inexperienced. (-1 XL)
                  | [Ru sacrifice]
  4244 | D:5      | Reached XP level 7. HP: 74/74 MP: 6/6
  4244 | D:5      | Reached ** piety under Ru
  4347 | D:6      | Found a white marble altar of Elyvilon.
  4350 | D:6      | Noticed Maggie
  4367 | D:6      | Killed Maggie
  4368 | D:6      | Reached XP level 8. HP: 58/83 MP: 7/7
  4806 | D:6      | Reached skill level 9 in Unarmed Combat
  6115 | D:7      | Found a shadowy altar of Dithmenos.
  6317 | D:3      | Noticed Natasha
  6321 | D:3      | Killed Natasha
  6341 | D:2      | Bought a potion of heal wounds for 55 gold pieces
  6341 | D:2      | Bought a potion of curing for 33 gold pieces
  6341 | D:2      | Bought 2 potions of heal wounds for 110 gold pieces
  6341 | D:2      | Bought a potion of curing for 33 gold pieces
  6612 | D:7      | Found a hazy altar of Hepliaklqana.
  6691 | D:7      | Gained mutation: Potions are less effective at restoring
                  | your health. [Ru sacrifice]
  6691 | D:7      | Reached *** piety under Ru
  6812 | D:7      | Reached skill level 1 in Maces & Flails
  6825 | D:7      | Reached skill level 10 in Unarmed Combat
  7095 | D:7      | Noticed a wind drake
  7095 | D:7      | a wind drake changed into a moth of wrath
  7095 | D:7      | Noticed a moth of wrath (shapeshifter)
  7105 | D:7      | Killed a moth of wrath
  7106 | D:7      | Reached XP level 9. HP: 83/96 MP: 8/8
  7475 | D:8      | Found a stormy altar of Qazlal.
  7574 | D:8      | Found an ancient bone altar of Kikubaaqudgha.
  7773 | D:8      | Reached skill level 11 in Unarmed Combat
  8190 | D:8      | Found a blossoming altar of Fedhas.
  8204 | D:8      | Found a basalt altar of Yredelemnul.
  8274 | D:9      | Noticed a two-headed ogre
  8312 | D:9      | Noticed a death yak
  8323 | D:8      | HP: 2/97 [yak (9)]
  8397 | D:9      | Noticed a death yak
  8397 | D:9      | Noticed a death yak
  8409 | D:8      | Killed a death yak
  8528 | D:8      | Killed a death yak
  8529 | D:8      | Reached XP level 10. HP: 43/107 MP: 9/9
  8667 | D:8      | Killed a two-headed ogre
  8744 | D:9      | Reached skill level 12 in Unarmed Combat
  8891 | D:9      | Identified the +3 leather armour of the Barracuda {*Slow
                  | rN++ Dex-5 Stlth+}
  8900 | D:9      | Found Aqojosk's Book Boutique.
  8984 | D:9      | Found Migelyen's Assorted Antiques.
  9002 | D:9      | Killed a death yak
  9152 | D:9      | Found a glowing golden altar of the Shining One.
  9353 | D:9      | Found a staircase to the Lair.
  9650 | D:9      | Found Tuelag's Antique Armour Emporium.
  9659 | D:9      | Bought a runed scarf for 224 gold pieces
  9930 | D:10     | Entered Level 10 of the Dungeon
 10063 | D:10     | Reached skill level 5 in Maces & Flails
 10379 | D:10     | Found a flagged portal.
 10404 | Bailey   | Entered a bailey
 10441 | Bailey   | Reached skill level 10 in Fighting
 10571 | Bailey   | Identified the +0 leather armour of Sepaff {+Inv rElec
                  | Str-4 Int+4}
 10613 | Bailey   | HP: 3/110 [kobold brigand/+0 war axe (7)]
 10614 | Bailey   | Slain by an orc warrior

Illustrated notes

Levels and vault maps discovered:
D:1:      lightli_arrival_windingriver, layout_rooms
D:2:      layout_loops_cross, basic_altar, serial_shops,
          nicolae_shop_industrial_runoff, minmay_pentomino_p2
D:3:      layout_loops_ring, general_overflow_altar,
          shapermc_ecumenical_altar_petra, uniq_robin, uniq_natasha
D:4:      layout_cave_pods, nicolae_gozag_seed_capital,
          mainiacjoe_overflow_surrounded_room, temple_doors_e,
          palyth_stone_intersect, roderic_lattice_a, uniq_ijyb, uniq_grinder,
          uniq_pikel, uniq_duvessa
D:5:      layout_cave_pools, mainiacjoe_overflow_cross_hatched,
          gammafunk_temple_overflow_arena, gammafunk_ghost_hive
D:6:      layout_layer_cave, elyvilon_altar_5, nicolae_underground_beach,
          uniq_maggie
D:7:      nzn_winding_woodlands_three_and_one
          [nzn_winding_woodlands_5x15_default, nzn_winding_woodlands_5x15_eye,
          nzn_winding_woodlands_5x15_concentric,
          nzn_winding_woodlands_center_diamonds], layout_basic,
          grunt_dithmenos_smoke, nicolae_hepliaklqana_monster_ancestors
D:8:      layout_basic, overflow_temple_1_default, lemuel_doored_altar,
          amethyst_overflow_temple_binary
D:9:      layout_cave_pools, nicolae_tso_swordbearing_angel, dpeg_lair_monsters,
          serial_shops, shop, nicolae_shop_window_shopping,
          nicolae_shop_peninsula, serial_gnoll_camp, gnoll_camp_mini_loothouse,
          gnoll_camp_huts_moat, gnoll_camp_mini_sergeant,
          gnoll_camp_mini_doghouse, gnoll_camp_mini_hut
D:10:     layout_loops_ring, enter_bailey_4, serial_shops,
          nicolae_lakefront_shop, eino_curves_01
Temple:   hellmonk_temple_beads
Bailey:   bailey_axe_3, bailey

Skill      XL: |  1  2  3  4  5  6  7  8  9 10 |
---------------+-------------------------------+-----
Throwing       | 1 2 3 6 7 8 |  8.1
Unarmed Combat | 3 4 6 10 11 12 | 12.7
Fighting       | 3 4 6 7 9 10 | 10.1
Maces & Flails | 2 4 5 |  5.3
Dodging        | |  2.4
Shields        | |  2.6

Action                     |  1- 3 |  4- 6 |  7- 9 | 10-12 || total
---------------------------+-------+-------+-------+-------++-------
  Melee: Unarmed           |   112 |   167 |   356 |   191 ||   826
  Throw: Dart              |       |    30 |    49 |    18 ||    97
         Boomerang         |       |       |    32 |    85 ||   117
 Invoke: Sacrifice Arcana  |       |     1 |       |       ||     1
         Sacrifice Experie |       |       |     1 |       ||     1
         Draw Out Power    |       |       |     1 |       ||     1
         Sacrifice Purity  |       |       |     1 |       ||     1
    Use: Scroll            |     6 |     3 |     7 |     1 ||    17
         Potion            |       |     2 |     7 |     5 ||    14
   Stab: Distracted        |       |       |     1 |     1 ||     2
         Invisible         |       |       |     2 |       ||     2
 Armour: Robe              |    25 |    39 |    88 |    31 ||   183
  Dodge: Dodged            |    35 |    32 |    80 |    56 ||   203
  Block: Kite shield       |    32 |    44 |   130 |    99 ||   305
